 Dungeon Crawl Stone Soup version 0.17.1-1-g73c8601 (console) character file.

230 Kloppie the Skirmisher (level 5, -3/47 HPs)
             Began as a Centaur Fighter on Dec 28, 2015.
             Slain by an orc priest
             ... wielding a +0 hand axe
              (5 damage)
             ... on level 4 of the Dungeon.
             The game lasted 00:04:36 (2552 turns).

Kloppie the Skirmisher (Centaur Fighter)            Turns: 2552, Time: 00:04:36

Health: -3/47      AC:  6    Str: 19    XL:     5   Next: 72%
Magic:  5/5        EV:  5    Int:  7    God:
Gold:   119        SH:  8    Dex:  9    Spells: 0 memorised, 4 levels left

rFire  . . .     SeeInvis .     a - +0 long sword
rCold  . . .     Clarity  .     b - +0 scale mail
rNeg   . . .     SustAt   .     c - +0 shield
rPois  .         Gourm    .     (no helmet)
rElec  .         Spirit   .     (no cloak)
rCorr  .         Warding  .     (no gloves)
rMut   .         Stasis   .     (no barding)
MR     .....                    (no amulet)
Stlth  ..........               (no ring)
                                (no ring)

@: very quick, not resistant to hostile enchantments, extremely unstealthy
A: hooves 3, deformed body, speed 2, tough skin 3
a: no special abilities


You were on level 4 of the Dungeon.
You were not hungry.

You visited 1 branch of the dungeon, and saw 4 of its levels.

You collected 119 gold pieces.

Inventory:

Hand Weapons
 a - a +0 long sword (weapon)
Armour
 b - a +0 scale mail (worn)
 c - a +0 shield (worn)
Scrolls
 f - 4 scrolls of amnesia {unknown}
 h - a scroll of noise {unknown}
 j - 2 scrolls of teleportation {unknown}
 k - 7 scrolls of identify {unknown}
 l - a scroll of enchant weapon {unknown}
 m - a scroll of blinking {unknown}
 n - 2 scrolls of fear {unknown}
 p - a scroll of random uselessness {unknown}
 t - a scroll of magic mapping {unknown}
 u - a scroll of remove curse {unknown}
 v - a scroll of recharging {unknown}
Potions
 i - 2 potions of curing {unknown}
 o - a potion of magic {unknown}
 q - a potion of brilliance {unknown}
 s - a potion of cure mutation {unknown}
 w - a potion of lignification {unknown}
Comestibles
 d - 2 chunks of flesh
 e - 3 bread rations
 g - a slice of pizza
 r - a meat ration


   Skills:
 + Level 4.6 Fighting
 + Level 3.3 Long Blades
 + Level 3.2 Armour
 - Level 2.1 Shields


You had 4 spell levels left.
You didn't know any spells.

Dungeon Overview and Level Annotations

Branches:
Dungeon (4/15)
 Temple: D:4-7

Altars:
Xom
Zin
The Shining One

Shops:
D:2 *

Annotations:
D:3 Grinder


Innate Abilities, Weirdness & Mutations

You have hooves in place of feet.
Armour fits poorly on your strangely shaped body.
You cover ground very quickly.
You have extremely tough skin (AC +3).


Message History

You kill the worker ant!
The orc hits you with a flail of protection.
* * * LOW HITPOINT WARNING * * *
The orc hits you with a flail of protection!
* * * LOW HITPOINT WARNING * * *
You are too injured to fight recklessly!
You are too injured to fight recklessly!
You see here a giant newt corpse.
You block the orc's attack. The orc hits you but does no damage.
You slash the orc!
You kill the orc!
The orc hits you with a flail of protection.
* * * LOW HITPOINT WARNING * * *
The orc priest hits you with a hand axe.
* * * LOW HITPOINT WARNING * * *
You barely miss the orc. You kick the orc, but do no damage.
The orc hits you with a flail of protection.
* * * LOW HITPOINT WARNING * * *
The orc priest hits you with a hand axe.
You die...

#. .## ... ..#
##.## #.# ....[
#.# ......#.#
......#.#
.._...oo# #@#
#†# #.#
##.####.#
........########
###.............
######..#####
#†.# #..#


You could see an orc priest and an orc.

Vanquished Creatures
  The ghost of Andry07 the Slasher, a weakling VSFi (D:3)
  An orc wizard (D:3)
  A worker ant (D:4)
  6 adders
  A shadow imp (D:3)
  An ooze (D:2)
  A worm (D:2)
  2 giant geckos
  6 orcs
  A ball python (D:2)
  8 bats
  3 giant cockroaches (D:1)
  10 hobgoblins
  11 jackals
  6 giant newts
  9 goblins
  A jackal skeleton (D:3)
  5 kobolds
  7 rats
81 creatures vanquished.

Vanquished Creatures (others)
  A bat (D:1)
1 creature vanquished.

Grand Total: 82 creatures vanquished

Notes
Turn   | Place    | Note
--------------------------------------------------------------
     0 | D:1      | Kloppie the Centaur Fighter began the quest for the Orb.
     0 | D:1      | Reached XP level 1. HP: 19/19 MP: 1/1
    63 | D:1      | Reached XP level 2. HP: 5/26 MP: 2/2
  1097 | D:2      | Reached XP level 3. HP: 31/31 MP: 3/3
  1181 | D:2      | Found a glowing golden altar of the Shining One.
  1735 | D:2      | Reached XP level 4. HP: 40/40 MP: 4/4
  1803 | D:2      | Reached skill level 4 in Fighting
  1975 | D:2      | Found Zin's Purification Station.
  1975 | D:2      | Found a glowing silver altar of Zin.
  2089 | D:3      | Noticed Andry07's ghost (weakling VSFi)
  2297 | D:3      | Killed Andry07's ghost
  2312 | D:3      | Reached XP level 5. HP: 37/47 MP: 5/5
  2493 | D:3      | Noticed Grinder
  2501 | D:3      | Paralysed by Grinder for 5 turns
  2537 | D:4      | Found a shimmering altar of Xom.
  2552 | D:4      | HP: 2/47 [orc/flail of protection (4)]
  2552 | D:4      | Slain by an orc priest

Action                   |  1- 3 |  4- 6 || total
-------------------------+-------+-------++-------
Melee: Long sword        |   169 |   101 ||   270
  Use: Potion            |       |     1 ||     1
  Eat: Chunk             |     2 |     3 ||     5
